 Dungeon Crawl Stone Soup version 0.30-a0-170-g85af917532 (webtiles) character file.

Game seed: 3082723499776128320

298175 jlumianski the End of an Era (level 20, -21/160 HPs)
             Began as a Demonspawn Gladiator on Sept 30, 2022.
             Was the Champion of Qazlal.
             Killed from afar by an ironbound thunderhulk (57 damage)
             ... with a bolt of lightning
             ... on level 3 of the Vaults.
             The game lasted 04:58:40 (35481 turns).

jlumianski the End of an Era (DsGl)                Turns: 35481, Time: 04:58:40

Health: -21/160    AC: 29    Str: 27    XL:     20   Next: 12%
Magic:  0/33       EV: 10    Int: 10    God:    Qazlal [******]
Gold:   1759       SH: 23    Dex: 11    Spells: 19/19 levels left

rFire   . . .      SeeInvis +    o - +7 broad axe (venom)
rCold   . . .      Faith    .    V - +0 kite shield {reflect}
rNeg    . . .      Spirit   +    a - +8 chain mail "Abbicviu" {Regen+}
rPois   +          Reflect  +    (helmet unavailable)
rElec   .          Harm     .    (cloak unavailable)
rCorr   .          Rampage  .    (gloves unavailable)
Will    ++...                    t - +0 pair of boots "Zonocazi" {Will+ SInv}
Stlth   ..........               y - amulet of regeneration
HPRegen 1.96/turn                R - +4 ring of slaying
MPRegen 0.46/turn                W - ring "Xivuotu" {rPois Str+5 Dex-5 SInv}

@: protected from physical damage, repel missiles
A: antennae 3, icemail 1, magic shield, magic regeneration, condensation shield,
weakness stinger 3, demonic touch 3, MP-powered wands, noise suppression
}: 2/15 runes: decaying, serpentine
a: Renounce Religion, Upheaval, Elemental Force, Disaster Area


You were on level 3 of the Vaults.
You worshipped Qazlal.
Qazlal was exalted by your worship.
You visited 6 branches of the dungeon, and saw 33 of its levels.
You also visited: Volcano and Desolation.

You collected 3603 gold pieces.
You spent 1844 gold pieces at shops.

Inventory:

Hand Weapons
 n - a +4 scimitar of flaming
 o - a +7 broad axe of venom (weapon)
 K - the +2 battleaxe of the Mordant God {speed, Str+6}
   (You found it on level 2 of the Vaults)

   Attacks with this weapon are significantly faster.
   Str:       It affects your strength (+6).
Missiles
 d - 6 throwing nets
 j - 8 silver javelins
 k - 30 poisoned darts
 m - 23 boomerangs (quivered)
 Q - 7 atropa-tipped darts
Armour
 a - the +8 chain mail "Abbicviu" (worn) {Regen+}
   (You found it on level 14 of the Dungeon)

   Regen:     It increases your rate of health regeneration.
 t - the +0 pair of boots "Zonocazi" (worn) {Will+ SInv}
   (You bought it in a shop on level 2 of the Orcish Mines)

   SInv:      It lets you see invisible.
   Will:      It increases your willpower.
 V - a +0 kite shield of reflection (worn)
Jewellery
 e - the ring "Ulonyed" {AC+4 Int+3 Dex+4}
   (You found it on level 9 of the Dungeon)

   [ring of protection]

   AC:        It affects your AC (+4).
   Int:       It affects your intelligence (+3).
   Dex:       It affects your dexterity (+4).
 h - a ring of flight
 l - the ring "Giloj Dib" {rC- Will+ Dex+6}
   (You found it in the Desolation of Salt)

   [ring of willpower]

   Dex:       It affects your dexterity (+6).
   rC:        It makes you vulnerable to cold.
   Will:      It increases your willpower.
 x - the ring of Qafroruk {rF+ rN+}
   (You found it in the Desolation of Salt)

   [ring of protection from fire]

   rF:        It protects you from fire.
   rN:        It protects you from negative energy.
 y - an amulet of regeneration (around neck)
 L - a ring of resist corrosion
 N - a ring of protection from cold
 P - a +6 ring of strength
 R - a +4 ring of slaying (left hand)
 W - the ring "Xivuotu" (right hand) {rPois Str+5 Dex-5 SInv}
   (You took it off a naga on level 4 of the Snake Pit)

   [ring of see invisible]

   Str:       It affects your strength (+5).
   Dex:       It affects your dexterity (-5).
   rPois:     It protects you from poison.
   SInv:      It lets you see invisible.
Wands
 i - a wand of mindburst (3)
 p - a wand of roots (9)
 H - a wand of light (47)
 M - a wand of flame (123)
Scrolls
 b - 6 scrolls of poison
 w - 2 scrolls of summoning
 z - 3 scrolls of amnesia
 A - 15 scrolls of teleportation
 F - 8 scrolls of blinking
 I - 4 scrolls of magic mapping
 J - 5 scrolls of fear
 O - 3 scrolls of fog
Potions
 c - a potion of resistance
 f - 3 potions of cancellation
 g - 5 potions of flight
 q - 3 potions of invisibility
 r - a potion of attraction
 s - 5 potions of haste
 v - 11 potions of curing
 B - 4 potions of heal wounds
 C - 4 potions of berserk rage
 D - a potion of magic
 E - a potion of mutation
 G - 7 potions of might
Miscellaneous
 u - a phantom mirror
 U - a phial of floods


   Skills:
 + Level 14.7 Fighting
 + Level 1.6 Long Blades
 - Level 18.0 Axes
 + Level 3.7 Throwing
 + Level 13.0 Armour
 + Level 6.0 Dodging
 - Level 0.3 Stealth
 + Level 11.4 Shields
 * Level 19.8 Invocations
 * Level 15.3 Evocations


You had 19 spell levels left.
You didn't know any spells.
Your spell library contained the following spells:

 Spells                   Type           Power      Damage    Failure   Level
 Apportation              Tloc           0%         N/A       97%         1
 Beastly Appendage        Tmut           0%         N/A       97%         1
 Freeze                   Ice            0%         1d3       97%         1
 Necrotise                Necr           0%         1d4       97%         1
 Sandblast                Erth           0%         2d4       97%         1
 Sting                    Tmut/Pois      0%         1d3       97%         1
 Summon Small Mammal      Summ           0%         N/A       97%         1
 Ensorcelled Hibernation  Hex/Ice        0%         N/A       99%         2
 Passwall                 Tmut/Erth      0%         N/A       99%         2
 Sublimation of Blood     Necr           0%         N/A       99%         2
 Wereblood                Tmut           0%         N/A       99%         2
 Frozen Ramparts          Ice            0%         1d1       100%        3
 Hailstorm                Conj/Ice       0%         3d3       100%        3
 Ignite Poison            Fire/Tmut/Pois 0%         N/A       100%        3
 Mephitic Cloud           Conj/Pois/Air  0%         N/A       100%        3
 Spider Form              Tmut/Pois      0%         N/A       100%        3
 Stone Arrow              Conj/Erth      0%         3d7       100%        3
 Swiftness                Air            0%         N/A       100%        3
 Tukima's Dance           Hex            0%         N/A       100%        3
 Airstrike                Air            0%         2d(0-16)  100%        4
 Anguish                  Hex/Necr       0%         N/A       100%        4
 Animate Armour           Summ/Erth      0%         N/A       100%        4
 Cause Fear               Hex            0%         N/A       100%        4
 Ice Form                 Ice/Tmut       0%         N/A       100%        4
 Leda's Liquefaction      Hex/Erth       0%         N/A       100%        4
 Passage of Golubria      Tloc           0%         N/A       100%        4
 Petrify                  Tmut/Erth      0%         N/A       100%        4
 Sticky Flame             Conj/Fire      0%         2d3       100%        4
 Summon Ice Beast         Ice/Summ       0%         N/A       100%        4
 Summon Lightning Spire   Summ/Air       0%         N/A       100%        4
 Alistair's Intoxication  Tmut/Pois      0%         N/A       100%        5
 Blade Hands              Tmut           0%         N/A       100%        5
 Borgnjor's Vile Clutch   Necr/Erth      0%         N/A       100%        5
 Fireball                 Conj/Fire      0%         3d3       100%        5
 Lee's Rapid Deconstruct  Erth           0%         3d5*      100%        5
 Lightning Bolt           Conj/Air       0%         1d11      100%        5
 Metabolic Englaciation   Hex/Ice        0%         N/A       100%        5
 Silence                  Hex/Air        0%         N/A       100%        5
 Summon Forest            Summ/Tloc      0%         N/A       100%        5
 Summon Mana Viper        Hex/Summ       0%         N/A       100%        5
 Yara's Violent Unravell  Hex/Tmut       0%         3d3       100%        5
 Eringya's Noxious Bog    Tmut/Pois      0%         N/A       100%        6
 Iron Shot                Conj/Erth      0%         9d1       100%        6
 Statue Form              Tmut/Erth      0%         N/A       100%        6
 Summon Cactus Giant      Summ           0%         N/A       100%        6
 Dragon Form              Tmut           0%         N/A       100%        7
 Spellforged Servitor     Conj/Summ      0%         N/A       100%        7
 Storm Form               Tmut/Air       0%         N/A       100%        7
 Summon Hydra             Summ           0%         N/A       100%        7
 Ignition                 Fire           0%         3d3       100%        8
 Dragon's Call            Summ           0%         N/A       100%        9
 Shatter                  Erth           0%         3d5*      100%        9


Dungeon Overview and Level Annotations

Branches:
Dungeon (15/15)            Temple (0/1) D:6            Lair (5/5) D:11
  Swamp (4/4) Lair:3        Snake (4/4) Lair:2          Orc (2/2) D:12
    Elf (0/3) Orc:2        Vaults (3/5) D:13          Crypt (0/3) Vaults:2
 Depths (0/4) D:15        Volcano (visited)         Desolation (visited)
  Slime: Lair:4-5

Altars:
Ashenzari
Cheibriados
Fedhas
Hepliaklqana
Kikubaaqudgha
Makhleb
Okawaru
Qazlal
Wu Jian

Shops:
D:3 :   D:5 =   Orc:1 (   Orc:2 [*?[[*(:   Snake:1 *   Snake:3 :==   Vaults:2 [


Innate Abilities, Weirdness & Mutations

You have a pair of large antennae on your head. (SInv)
A meltable icy envelope protects you from harm. (AC +4)
When hurt, damage is shared between your health and your magic reserves.
You regenerate magic rapidly.
A meltable shield of frost defends you. (SH +4)
You have a sharp stinger which inflicts weakening toxins.
Your touch may irresistibly damage your foes and sap their willpower.
You expend magic power (3 MP) to strengthen your wands.
You passively dampen the noise of your surroundings.


Message History

Your Armour skill increases to level 13!
You slice the titan!!
The titan looks as sick as possible!
The titan is severely wounded.
You barely miss the ironbound thunderhulk.
The titan casts a spell at you.
The bolt of lightning is repelled.
The ironbound thunderhulk is engulfed in blazing flames.
The ironbound thunderhulk hits you with a +2 antimagic dire flail!!
You feel protected from physical attacks.
You feel your power leaking away.
You hit the titan.
The titan looks as sick as possible!
You tail-slap the titan!
The titan is almost dead.
You slash the ironbound thunderhulk!
The ironbound thunderhulk looks as sick as possible!
The tengu reaver is engulfed in blazing flames.
The tengu reaver gestures at you while chanting.
The bolt of acid misses you.
The titan waves its arms in wide circles.
The air twists around and strikes you!!
* * * LOW HITPOINT WARNING * * *
You slash the titan!
The titan looks as sick as possible!
The titan is almost dead.
You slash the ironbound thunderhulk!
The ironbound thunderhulk looks as sick as possible!
You kill the titan!
Qazlal accepts your kill.
The ironbound thunderhulk is engulfed in blazing flames.
Strange energies crackle from the ironbound thunderhulk's apparatus.
The ironbound thunderhulk blinks!
The tengu reaver is engulfed in blazing flames.
You slash the tengu reaver!
Your tail-slap misses the tengu reaver.
The tengu reaver is moderately wounded.
The tengu reaver gestures at you while chanting.
The bolt of acid hits you!!!
* * * LOW HITPOINT WARNING * * *
You feel much better.
Electricity crackles from the ironbound thunderhulk's apparatus.
The bolt of lightning hits you!!!
You die...

........# { ........##....
........##.... { ........##....
........##....#### {
........##.......# {
........##.O....○# #
........##..§.§..# ##
........##....@.☼#############.
........##...Q§○.'...'...))..#.
........##..☼°§°.'...'..)....'.
........##.......#############.
........##.......# { #.
........##.......# #.
#.......##.......# #.
#.......##....#### ##
#.......##.... { #


You could see an ironbound thunderhulk (extremely poisoned) and a tengu reaver.

Vanquished Creatures
  Vashnia (Snake:4)
  Nikola (Swamp:1)
  A bone dragon (Swamp:4)
  Rupert (Lair:2)
  Jorgrun (Swamp:3)
  A tentacled monstrosity (Vaults:3)
  A titan (Vaults:3)
  A shadow dragon (Vaults:2)
  Roxanne (Snake:1)
  2 tengu reavers (Vaults:3)
  A fenstrider witch (Swamp:2)
  12 nagarajas
  Louise (Swamp:2)
  2 vault wardens (Vaults:3)
  10 ironbound preservers
  2 imperial myrmidons (Desolation)
  7 ironbound thunderhulks
  A very ugly thing (Vaults:3)
  The ghost of sirJeffrey23 the Severer, a journeyman HOFi of Beogh (D:15)
  13 bunyips
  6 eleionomae
  A halazid warlock (Desolation)
  A minotaur (D:14)
  10 dire elephants
  The ghost of squinnward the Marksminotaur, a journeyman MiHu of Gozag (D:14)
  3 crystal guardians
  A fire dragon (Volcano)
  4 yaktaur captains
  6 servants of whispers (Desolation)
  8 ragged hierophants
  9 hydras
  8 peacekeepers
  Harold (Orc:1)
  3 great orbs of eyes (Vaults:1)
  6 vault guards (Vaults:3)
  4 salamander tyrants
  Erolcha (D:11)
  4 ghost crabs (Swamp:4)
  An ogre mage (D:15)
  3 boulder beetles
  9 ironbound frosthearts
  2 anacondas
  A catoblepas (D:15)
  18 naga warriors
  4 two-headed ogres
  15 alligators
  4 centaur warriors
  A vampire mage (D:15)
  A tengu warrior (D:10)
  3 orc high priests (Orc:2)
  3 shock serpents
  A spriggan berserker (Swamp:2)
  16 naga sharpshooters
  3 salamander mystics
  Lodul (D:13)
  A fire crab (Lair:4)
  5 skeletal warriors
  28 deep trolls
  A spectral hydra (Swamp:4)
  6 goliath frogs
  5 swamp dragons
  4 spriggan druids
  3 naga ritualists
  10 ironbound convokers
  2 wizards
  7 bog bodies
  4 orc knights
  A tengu zombie (Vaults:3)
  9 lindwurms
  A frost giant zombie (D:15)
  5 deep elf pyromancers
  5 necromancers
  7 orc sorcerers
  6 mana vipers
  A stone giant zombie (D:15)
  10 ugly things
  5 cyclopes
  2 shining eyes (shapeshifter)
  A will-o-the-wisp (Swamp:2)
  3 manticores
  10 salamanders
  A faun (shapeshifter) (Vaults:1)
  9 elephants
  A frost giant skeleton (Vaults:2)
  7 guardian serpents
  Maurice (Orc:1)
  3 molten gargoyles
  28 black mambas
  11 vault sentinels
  7 cane toads
  16 naga magi
  21 yaktaurs
  5 unseen horrors
  3 rime drakes (Lair:3)
  17 komodo dragons
  4 swamp worm zombies (Swamp:4)
  An efreet (D:14)
  4 hydra zombies (Swamp:4)
  A troll (shapeshifter) (D:12)
  A merfolk (shapeshifter) (D:10)
  A spriggan skeleton (D:15)
  6 tyrant leeches
  7 trolls
  A bloated husk (Swamp:4)
  4 polar bears
  11 hornets
  3 spectral swamp dragons (Swamp:4)
  56 saltlings
  Grinder (D:6)
  17 slime creatures
  3 alligator zombies (Swamp:4)
  15 blink frogs
  12 dream sheep
  2 shadows
  11 spriggans
  6 fire bats (Volcano)
  21 wyverns
  A vampire (D:11)
  6 basilisks
  2 wraiths
  40 yaks
  2 steam dragons
  19 vampire mosquitoes
  Edmund (D:5)
  2 wargs
  Menkaure (D:4)
  A glowing shapeshifter zombie (D:15)
  12 swamp worms
  2 acid dragons
  49 nagas
  15 water moccasins
  A floating eye (Vaults:3)
  2 hell hounds (Lair:4)
  3 swamp drakes (Swamp:1)
  A glowing shapeshifter skeleton (Vaults:2)
  27 orc warriors
  An ice beast (D:8)
  A sky beast (D:7)
  2 black bears (D:7)
  3 swamp dragon zombies (Swamp:4)
  11 ogres
  33 wolves
  A human skeleton (Vaults:2)
  10 boggarts (Vaults:1)
  14 centaurs
  5 phantoms
  A kobold brigand (D:9)
  4 bullfrogs
  2 gnoll sergeants
  4 scorpions
  A cane toad simulacrum (Lair:1)
  10 wights
  3 elephant simulacra (Lair:1)
  12 killer bees
  4 electric eels
  A howler monkey (D:9)
  A crimson imp (D:6)
  A hound (D:4)
  2 jellies (D:6)
  17 orc priests
  2 gnoll boudas (D:9)
  6 iguanas
  28 orc wizards
  2 spectral swamp drakes (Swamp:4)
  4 hell rats (Lair:3)
  Robin (D:2)
  19 gnolls
  A swamp drake zombie (Swamp:4)
  9 adders
  2 shadow imps
  3 white imps
  2 ufetubi (D:5)
  2 worms
  3 dart slugs
  67 orcs
  8 ball pythons
  3 bats
  7 endoplasms
  10 giant cockroaches
  19 goblins
  11 hobgoblins
  2 quokkas
  2 frilled lizards
  6 kobolds
  3 rats
1237 creatures vanquished.

Vanquished Creatures (collateral kills)
  An imperial myrmidon (Desolation)
  Aizul (Snake:4)
  A vault warden (Vaults:1)
  An ironbound preserver (Vaults:2)
  An orc warlord (Orc:1)
  An eleionoma (Swamp:3)
  Snorg (Lair:4)
  A ragged hierophant (Desolation)
  A peacekeeper (Desolation)
  3 naga warriors
  2 two-headed ogres (D:15)
  A naga sharpshooter (Snake:4)
  A skeletal warrior (D:15)
  2 deep trolls (Vaults:2)
  A spectral hydra (Swamp:4)
  An ironbound convoker (Vaults:1)
  A naga ritualist (Snake:2)
  A mana viper (Snake:1)
  A manticore (Lair:3)
  A will-o-the-wisp (Swamp:4)
  A salamander (Snake:4)
  A guardian serpent (Snake:3)
  4 elephants (Lair:3)
  A vault sentinel (Vaults:2)
  3 naga magi
  4 slime creatures (D:12)
  4 saltlings (Desolation)
  6 nagas
  2 orc warriors (Orc:2)
  A boggart (Vaults:1)
  3 orc priests (Orc:2)
  2 orc wizards (Orc:2)
  7 orcs (Orc:2)
63 creatures vanquished.

Vanquished Creatures (others)
  A spriggan druid (Swamp:4)
  3 bloated husks (Swamp:4)
  2 phantoms (Swamp:4)
  11 foxfires
  18 fungi
  87 plants
  3 withered plants (D:15)
125 creatures vanquished.

Grand Total: 1425 creatures vanquished

Notes
Turn   | Place    | Note
-------+----------+-------------------------------------------
     0 | D:1      | jlumianski the Demonspawn Gladiator began the quest for the
                  | Orb.
     0 | D:1      | Reached XP level 1. HP: 16/16 MP: 1/1
   164 | D:1      | Gained mutation: You regenerate magic rapidly. [demonic
                  | ancestry]
   164 | D:1      | Reached XP level 2. HP: 22/22 MP: 2/2
   497 | D:2      | Discovered your monstrous ancestry.
   497 | D:2      | Gained mutation: Your touch may inflict minor irresistible
                  | damage on your foes. [demonic ancestry]
   497 | D:2      | Reached XP level 3. HP: 26/27 MP: 3/3
   505 | D:2      | Found a faded altar of an unknown god.
   661 | D:1      | Reached skill level 1 in Armour
  1359 | D:2      | Gained mutation: You have a small tail. [demonic ancestry]
  1359 | D:2      | Reached XP level 4. HP: 31/33 MP: 4/4
  1924 | D:3      | Found Xolooff's Book Shoppe.
  2048 | D:3      | Found a stormy altar of Qazlal.
  2070 | D:3      | Became a worshipper of Qazlal Stormbringer
  2303 | D:3      | Noticed Robin
  2657 | D:4      | Reached XP level 5. HP: 38/39 MP: 5/5
  2777 | D:2      | Killed Robin
  3057 | D:3      | Found a snail-covered altar of Cheibriados.
  3350 | D:4      | Reached * piety under Qazlal
  3405 | D:4      | Noticed Menkaure
  3410 | D:4      | Killed Menkaure
  3411 | D:4      | Reached skill level 1 in Invocations
  3411 | D:4      | Reached XP level 6. HP: 45/46 MP: 5/7
  3426 | D:5      | Entered Level 5 of the Dungeon
  3436 | D:4      | Reached skill level 2 in Invocations
  3686 | D:5      | Reached skill level 5 in Axes
  3724 | D:4      | Reached skill level 3 in Invocations
  4160 | D:4      | Reached XP level 7. HP: 50/51 MP: 9/9
  4354 | D:5      | Found Tafunapp's Jewellery Emporium.
  4369 | D:5      | Noticed a yak
  4369 | D:5      | Noticed a yak
  4369 | D:5      | Noticed a yak
  4387 | D:5      | Killed a yak
  4388 | D:5      | Reached skill level 4 in Invocations
  4393 | D:5      | HP: 1/52 [yak (12)]
  4400 | D:5      | Killed a yak
  4408 | D:5      | Killed a yak
  4409 | D:5      | Gained mutation: When hurt, damage is shared between your
                  | health and your magic reserves. [demonic ancestry]
  4409 | D:5      | Reached XP level 8. HP: 40/58 MP: 11/11
  4495 | D:5      | Reached ** piety under Qazlal
  4640 | D:5      | Identified the +1 scale mail of Gody {Str+2 Stlth+}
  4654 | D:5      | Reached skill level 5 in Invocations
  4813 | D:5      | Noticed Edmund
  4825 | D:5      | Killed Edmund
  5158 | D:6      | Found a broken altar of Ashenzari.
  5424 | D:6      | Reached skill level 5 in Armour
  5503 | D:6      | Found a hazy altar of Hepliaklqana.
  5531 | D:6      | Found a staircase to the Ecumenical Temple.
  5540 | D:6      | Reached skill level 1 in Shields
  5734 | D:6      | Reached XP level 9. HP: 63/65 MP: 11/13
  5753 | D:6      | Found a burning altar of Makhleb.
  5842 | D:6      | Noticed Grinder
  5844 | D:6      | Paralysed by Grinder for 5 turns
  5856 | D:6      | Killed Grinder
  5857 | D:6      | Reached skill level 6 in Invocations
  6170 | D:7      | Reached skill level 1 in Evocations
  6582 | D:7      | Gained mutation: You passively dampen the noise of your
                  | surroundings. [potion of mutation]
  6582 | D:7      | Gained mutation: You expend magic power (3 MP) to
                  | strengthen your wands. [potion of mutation]
  7172 | D:8      | Noticed a two-headed ogre
  7188 | D:8      | Killed a two-headed ogre
  7189 | D:8      | Reached skill level 5 in Fighting
  7189 | D:8      | Reached skill level 7 in Invocations
  7305 | D:8      | Reached XP level 10. HP: 74/74 MP: 15/15
  7750 | D:10     | Entered Level 10 of the Dungeon
  7806 | D:9      | Found a blossoming altar of Fedhas.
  7904 | D:9      | Reached *** piety under Qazlal
  7950 | D:9      | Reached skill level 8 in Invocations
  7977 | D:10     | Noticed a tengu warrior
  8406 | D:9      | Identified the ring "Ulonyed" {AC+4 Int+3 Dex+4}
  8712 | D:10     | Paralysed by a hornet for 3 turns
  8719 | D:10     | Paralysed by a hornet for 3 turns
  8797 | D:10     | Killed a tengu warrior
  8918 | D:11     | Noticed a manticore
  8925 | D:11     | Killed a manticore
  9008 | D:10     | Gained mutation: Your touch may inflict irresistible damage
                  | on your foes. [demonic ancestry]
  9008 | D:10     | Reached XP level 11. HP: 81/81 MP: 17/17
  9017 | D:10     | Reached skill level 5 in Evocations
  9152 | D:10     | Found an ornate altar of the Wu Jian Council.
  9152 | D:10     | Found an ancient bone altar of Kikubaaqudgha.
  9191 | D:10     | Reached skill level 10 in Axes
  9191 | D:10     | Reached skill level 9 in Invocations
  9696 | D:13     | Noticed a deep elf pyromancer
  9800 | D:11     | Found a staircase to the Lair.
  9906 | D:11     | Noticed a brown ugly thing
  9936 | D:11     | Killed a brown ugly thing
 10295 | D:11     | Noticed Erolcha
 10305 | D:11     | Killed Erolcha
 10543 | D:12     | Noticed a red ugly thing
 10841 | D:12     | Found a staircase to the Orcish Mines.
 10928 | D:13     | Noticed a centaur warrior
 10937 | D:12     | Reached skill level 10 in Invocations
 11116 | D:12     | Reached **** piety under Qazlal
 11170 | D:12     | Gained mutation: Your touch may irresistibly damage your
                  | foes and sap their willpower. [demonic ancestry]
 11170 | D:12     | Reached XP level 12. HP: 89/89 MP: 13/19
 11780 | D:13     | Noticed a two-headed ogre
 11781 | D:13     | Noticed a boulder beetle
 11797 | D:12     | Killed a centaur warrior
 11843 | D:12     | Killed a boulder beetle
 11889 | D:12     | Reached skill level 11 in Invocations
 11925 | D:12     | Killed a two-headed ogre
 12014 | D:12     | a wind drake changed into an entropy weaver
 12014 | D:12     | Noticed an entropy weaver (shapeshifter)
 12017 | D:12     | an entropy weaver changed into a troll
 12315 | D:13     | Noticed Lodul
 12331 | D:13     | Killed Lodul
 12540 | D:13     | Found a gate to the Vaults.
 12687 | Lair:1   | Entered Level 1 of the Lair of Beasts
 12747 | Orc:1    | Entered Level 1 of the Orcish Mines
 12809 | Orc:1    | Noticed Maurice
 12817 | Orc:1    | Found Suog's Antique Weapon Shoppe.
 12859 | Orc:1    | Killed Maurice
 12975 | Orc:1    | Bought a glowing war axe for 175 gold pieces
 12991 | Orc:2    | Entered Level 2 of the Orcish Mines
 12991 | Orc:2    | Found Ucwe's Magic Scroll Shop.
 13063 | Orc:2    | Bought a scroll of enchant armour for 97 gold pieces
 13324 | Orc:2    | Found Jejyirunoi's Antique Armour Emporium.
 13436 | Orc:2    | Reached XP level 13. HP: 57/98 MP: 7/21
 13555 | Orc:2    | Noticed an orc warlord
 13599 | Orc:1    | Killed an orc warlord
 13620 | Orc:2    | Reached skill level 12 in Invocations
 13889 | Orc:2    | Found a staircase to the Elven Halls.
 13894 | Orc:2    | Found Fiosmenk's Antique Armour Shop.
 14211 | Orc:2    | Found Diatatwaguc's General Store.
 14414 | Orc:2    | Found Nuechex's Antique Armour Emporium.
 14415 | Orc:2    | Found Soefius's Antique Weapon Emporium.
 14417 | Orc:2    | Found Nezokk's General Store.
 14417 | Orc:2    | Found Koqaamp's Book Shoppe.
 14452 | Orc:2    | Bought a pair of slimy boots for 237 gold pieces
 14452 | Orc:2    | Identified the +0 pair of boots "Zonocazi" {Will+ SInv}
                  | (You bought it in a shop on level 2 of the Orcish Mines)
 14472 | Orc:2    | Bought a phantom mirror for 600 gold pieces
 14472 | Orc:2    | Bought a potion of heal wounds for 75 gold pieces
 14590 | Orc:1    | Noticed Harold
 14650 | Orc:1    | Killed Harold
 15198 | D:14     | Found a runed translucent gate.
 15198 | D:14     | Found a runed translucent gate.
 15198 | D:14     | Found a runed translucent gate.
 15200 | D:14     | Noticed squinnward's ghost (journeyman MiHu)
 15250 | D:14     | Identified the +8 chain mail "Abbicviu" {Regen+}
 15741 | D:15     | Entered Level 15 of the Dungeon
 16104 | D:14     | Killed squinnward's ghost
 16138 | D:15     | Found a runed translucent gate.
 16138 | D:15     | Found a runed translucent gate.
 16138 | D:15     | Found a runed translucent gate.
 16139 | D:15     | Noticed a minotaur
 16141 | D:15     | Noticed sirJeffrey23's ghost (journeyman HOFi)
 16182 | D:15     | Reached ***** piety under Qazlal
 16252 | D:15     | Found a staircase to the Depths.
 16288 | D:14     | Gained mutation: A meltable shield of frost defends you.
                  | (SH +4) [demonic ancestry]
 16288 | D:14     | Reached XP level 14. HP: 105/106 MP: 20/23
 16305 | D:14     | Reached skill level 13 in Invocations
 16969 | D:15     | Reached skill level 10 in Armour
 17102 | D:15     | Killed sirJeffrey23's ghost
 17121 | D:15     | Identified the +1 pair of gloves "Omitiqar" {rElec rPois
                  | rCorr Int-5}
 17402 | Lair:1   | Identified the +1 pair of gloves of the Untouchables
                  | {Contam Will++ Dex+4}
 17437 | Lair:1   | Reached skill level 5 in Shields
 18450 | Lair:2   | Found a staircase to the Snake Pit.
 18799 | Lair:2   | Reached skill level 10 in Evocations
 18944 | Lair:3   | Reached ****** piety under Qazlal
 19085 | Lair:3   | Gained mutation: You have a pair of small antennae on your
                  | head. [demonic ancestry]
 19085 | Lair:3   | Reached XP level 15. HP: 115/115 MP: 21/25
 19261 | Lair:3   | Found a staircase to the Swamp.
 19271 | Lair:3   | Reached skill level 14 in Invocations
 19653 | Lair:4   | Found a dark tunnel.
 19671 | Volcano  | Entered a volcano
 19745 | Volcano  | Reached skill level 10 in Fighting
 19780 | Volcano  | Reached skill level 15 in Axes
 20175 | Lair:4   | Identified the +2 helmet "Nefafej" {rF++ rC- rCorr}
 20823 | Lair:4   | Noticed Snorg
 20831 | Lair:4   | Killed Snorg
 21153 | Lair:5   | Entered Level 5 of the Lair of Beasts
 21267 | Lair:5   | Identified the +1 helmet of Defiance {Fly rF+ Dex-2}
 21848 | Swamp:1  | Entered Level 1 of the Swamp
 22159 | Swamp:2  | Noticed Louise
 22224 | Swamp:1  | Reached skill level 15 in Invocations
 22260 | Swamp:1  | Noticed Nikola
 22272 | Swamp:1  | Killed Nikola
 22727 | Swamp:1  | Upgraded the game from 0.30-a0-168-g0b976cbdc4 to
                  | 0.30-a0-170-g85af917532
 22782 | Swamp:1  | Gained mutation: A meltable icy envelope protects you from
                  | harm. (AC +4) [demonic ancestry]
 22782 | Swamp:1  | Reached XP level 16. HP: 87/124 MP: 17/27
 22845 | Swamp:2  | Killed Louise
 22916 | Swamp:2  | Reached skill level 1 in Long Blades
 23038 | Swamp:3  | Noticed Jorgrun
 23350 | Swamp:3  | Killed Jorgrun
 23503 | Swamp:4  | Entered Level 4 of the Swamp
 23934 | Swamp:4  | Reached skill level 16 in Invocations
 24718 | Swamp:4  | Noticed a bone dragon
 24738 | Swamp:4  | Killed a bone dragon
 24739 | Swamp:4  | Gained mutation: You have a tail ending in a sharp stinger.
                  | [demonic ancestry]
 24739 | Swamp:4  | Reached XP level 17. HP: 86/125 MP: 15/29
 24744 | Swamp:4  | Got a decaying rune of Zot
 25133 | Snake:1  | Entered Level 1 of the Snake Pit
 25134 | Snake:1  | Noticed Rupert
 25154 | Lair:2   | Killed Rupert
 25625 | Snake:1  | Found Zywkoxt's General Store.
 25658 | Snake:1  | Bought a potion of curing for 45 gold pieces
 25761 | Snake:1  | Identified Roxanne's Tome of the Battered Priests
 25761 | Snake:1  | Noticed Roxanne
 25774 | Snake:1  | Killed Roxanne
 26219 | Snake:1  | Reached skill level 5 in Dodging
 26409 | Snake:2  | Reached skill level 17 in Invocations
 27815 | Snake:4  | Entered Level 4 of the Snake Pit
 28220 | Snake:3  | Found an iron altar of Okawaru.
 28393 | Snake:3  | Found Liso's Jewellery Boutique.
 28395 | Snake:3  | Found Zacip's Book Emporium.
 28439 | Snake:3  | Found Xarhuluo's Jewellery Boutique.
 28449 | Snake:3  | Bought the ring "Pihuof" {Fire rPois} for 615 gold pieces
 28954 | Snake:4  | Noticed Aizul
 28964 | Snake:4  | Killed Aizul
 29194 | Snake:4  | Gained mutation: You have a sharp stinger which inflicts
                  | weakening toxins. [demonic ancestry]
 29194 | Snake:4  | Reached XP level 18. HP: 116/141 MP: 27/30
 29580 | Snake:4  | Noticed Vashnia
 29690 | Snake:4  | Killed Vashnia
 29691 | Snake:4  | Reached skill level 18 in Invocations
 30189 | Snake:4  | Identified the ring "Xivuotu" {rPois Str+5 Dex-5 SInv}
 30230 | Snake:4  | Got a serpentine rune of Zot
 30658 | Vaults:1 | Entered Level 1 of the Vaults
 30974 | Vaults:1 | Found a crumbling gateway.
 30991 | Desolati | Entered the Desolation of Salt
 31321 | Desolati | Got Sif Muna's Encyclopedia of Mutagenic Battle Magic
 31610 | Desolati | Got the Spellbook of Transfiguration and Spellbinding
 31613 | Desolati | Got the Octavo of Iron Interference
 31618 | Desolati | Identified the +5 ring mail of Jataxeud {Int+4}
 31623 | Desolati | Got the Volume of Cankerous Bedrock
 31624 | Desolati | Identified the ring "Giloj Dib" {rC- Will+ Dex+6}
 31627 | Desolati | Identified the ring of Qafroruk {rF+ rN+}
 31736 | Desolati | Identified the +4 falchion of the Lonely Lovers {vorpal,
                  | *Slow rPois rC+ Stlth+}
 31756 | Desolati | Gained mutation: You have a pair of antennae on your head.
                  | [demonic ancestry]
 31756 | Desolati | Reached XP level 19. HP: 147/149 MP: 30/32
 31757 | Desolati | Identified the +3 plate armour "Zaicw" {SInv}
 31892 | Desolati | Got Jeottygg's Compendium of Transmigration
 32554 | Vaults:1 | Reached skill level 10 in Shields
 32665 | Vaults:1 | Reached skill level 19 in Invocations
 33700 | Vaults:2 | Reached skill level 15 in Evocations
 34341 | Vaults:2 | Found Jouwash's Armour Emporium.
 34589 | Vaults:2 | Identified the +2 battleaxe of the Mordant God {speed,
                  | Str+6}
 34741 | Vaults:2 | Found a staircase to the Crypt.
 35320 | Vaults:3 | Gained mutation: You have a pair of large antennae on your
                  | head. (SInv) [demonic ancestry]
 35320 | Vaults:3 | Reached XP level 20. HP: 140/160 MP: 28/33
 35465 | Vaults:3 | Paralysed by a floating eye for 2 turns
 35481 | Vaults:3 | Killed from afar by an ironbound thunderhulk

Illustrated notes

Levels and vault maps discovered:
D:1:      scummos_arrival_simple_fountains, layout_basic, minmay_tripent
D:2:      layout_loops_ring, hellmonk_ecumenical_altar_zigzags,
          minmay_goblin_kobold_house
D:3:      kennysheep_six_static_rooms, layout_basic,
          mainiacjoe_overflow_alcove_2, nicolae_qazlal_scattered_showers,
          serial_shops, shop_coins, uniq_robin
D:4:      layout_gridville, minmay_distorted, uniq_menkaure
D:5:      nicolae_cairo_tiling_very_big, layout_loops_corners, serial_shops,
          nicolae_shop_statue_plus, uniq_edmund
D:6:      layout_basic, makhleb_grotto_becter, mainiacjoe_overflow_brackets,
          nicolae_overflow_hidden_temple, minmay_temple_entry_overgrown,
          uniq_grinder
D:7:      layout_loops_ring, lightli_minifort
D:8:      layout_basic, mainiacjoe_overflow_24_doors
D:9:      kennysheep_blocky_hall, layout_grid_maze, overflow_temple_1_default
D:10:     minmay_s_stair_smasher, layout_long_grid,
          gammafunk_temple_overflow_pools
D:11:     layout_rooms, dpeg_oklobed_lair, serial_bayou_lagoon_a, centaur_isle,
          uniq_erolcha
D:12:     layout_long_grid, david_orc_5, minmay_statues_item
D:13:     layout_rooms, david_vaults_1, uniq_lodul
D:14:     layout_grid_maze, ebering_ghost_rock_garden, minmay_door_square,
          fungi_pond_lemuel, due_unseen_surprise
D:15:     gammafunk_depths_entry_grave, layout_rooms, dk_noncrumbling_3,
          maelrawn_ghost_gauntlet_escape
Lair:1:   beast_lair_carwin_large_3, layout_small_grid,
          portal_ice_cave_entry_ice_simulacra, grunt_forest_large_clearings,
          serial_bayou_shore_b
Lair:2:   layout_long_grid, dummy_snake_entry
Lair:3:   layout_hall_layers, nicolae_swamp_entry_splash_gauntlet, special_room
          [special_room_mythical_zoo]
Lair:4:   layout_small_grid, enter_volcano_3, uniq_snorg
Lair:5:   hellmonk_lair_end_abyssal_woods, layout_cellular_growth,
          nicolae_slime_entry_slimehenge, grunt_forest_small_clearings,
          nicolae_quartered_pool_little, cheibrodos_lair_lostbears
Swamp:1:  layout_basic_swamp, evilmike_swamp_ruin_house_4, swamp_pool1,
          nicolae_swamp_baby_hydras, uniq_nikola
Swamp:2:  layout_basic_swamp, evilmike_swamp_ruin_wall, uniq_louise
Swamp:3:  layout_falls_marsh, nicolae_swamp_treefoil, uniq_jorgrun
Swamp:4:  swamp_pestilence, layout_basic_swamp, swamp_pool3,
          nicolae_swamp_bunyip_nook
Snake:1:  layout_gridlike, serial_shops, shop, chequers_hall_statues_wall_a,
          uniq_roxanne, uniq_rupert
Snake:2:  layout_misc_corridors, nicolae_triple_integral
Snake:3:  layout_chambers, basic_altar, minmay_shop_grove
Snake:4:  minmay_snake_end_coiled, layout_misc_corridors, uniq_aizul,
          uniq_vashnia
Orc:1:    layout_caves, serial_shops, shop, uniq_harold, uniq_maurice
Orc:2:    st_orc_congregation, layout_caves, serial_shops,
          nicolae_lakefront_shop, shop, nicolae_shop_trees,
          nicolae_shop_crystal, mines1_david
Vaults:1: portal_desolation_entry_nicolae_nacl, v_misc_11,
          nicolae_vaults_asterisk, v_rooms_6, nicolae_vaults_mini_display_case,
          nicolae_vaults_ring_of_whatevers, v_misc_13,
          vaults_room_grunt_arrival_ludios, vaults_mumra_chevron_long,
          ontoclasm_vaults_decontamination, nicolae_vaults_murderbox,
          v_alt_pattern_3, nicolae_vaults_alarming, layout_vaults_big_cross
Vaults:2: v_alt_pattern_4, ontoclasm_vaults_gateway, vaults_dpeg_ring,
          nicolae_vaults_arrows, minmay_crypt_entry_nasty_monster,
          v_alt_pattern_5, nicolae_vaults_diagonal_hallway_9,
          hangedman_vaults_stitches, vaults_room_fancy_cross,
          vaults_room_stairs_pillars, layout_vaults_omnigrid, serial_shops, shop
Vaults:3: st_greater_box_1, nicolae_vaults_ninety_degrees,
          nicolae_vaults_angled_halls, nicolae_vaults_bisected_slash,
          vaults_room_octagon, nicolae_vaults_little_squares_3,
          nicolae_vaults_three_branches, layout_vaults_chaotic_city

Skill      XL: |  1  2  3  4  5  6  7  8  9 10 11 12 13 14 15 16 17 18 19 20 |
---------------+-------------------------------------------------------------+-----
Dodging        | 3 4 5 6 |  6.0
Axes           | 3 4 5 6 7 8 9 11 12 13 14 15 16 17 18 | 18.0
Armour         | 1 2 4 5 6 8 9 10 11 12 13 | 13.0
Invocations    | 1 3 4 5 7 8 10 11 12 13 15 16 17 18 19 | 19.8
Fighting       | 3 4 5 6 7 8 9 10 11 12 13 14 | 14.7
Throwing       | 2 3 |  3.7
Shields        | 1 2 3 4 5 6 7 8 9 11 | 11.4
Evocations     | 2 4 6 7 9 10 11 12 13 14 15 | 15.3
Long Blades    | 1 |  1.6
Stealth        | |  0.3

Action                   |  1- 3 |  4- 6 |  7- 9 | 10-12 | 13-15 | 16-18 | 19-21 || total
-------------------------+-------+-------+-------+-------+-------+-------+-------++-------
Melee: War axe           |    79 |   120 |   215 |   588 |    50 |       |       ||  1052
       Punch             |     2 |     1 |     2 |     4 |    12 |    23 |     2 ||    46
       Touch             |     9 |    21 |    38 |   126 |   201 |   219 |    12 ||   626
       Tailslap          |       |    17 |    30 |    97 |   193 |   268 |   114 ||   719
       Broad axe         |       |       |       |       |   903 |  1210 |   477 ||  2590
       Scimitar          |       |       |       |       |    10 |    16 |       ||    26
Throw: Boomerang         |       |     2 |    20 |     5 |       |    26 |       ||    53
       Dart              |       |       |     2 |       |     3 |     1 |       ||     6
       Javelin           |       |       |       |     2 |       |       |       ||     2
Invok: Upheaval          |       |       |     1 |     6 |     5 |     3 |     3 ||    18
       Elemental Force   |       |       |       |     3 |     7 |    20 |     4 ||    34
       Disaster Area     |       |       |       |       |     1 |       |       ||     1
Evoke: Wand              |       |       |       |       |     2 |     1 |       ||     3
       Phantom mirror    |       |       |       |       |     2 |     1 |       ||     3
  Use: Scroll            |       |    16 |     2 |     5 |    12 |     4 |     2 ||    41
       Potion            |       |     5 |     5 |     3 |       |     2 |     2 ||    17
 Stab: Invisible         |       |       |     2 |       |       |       |       ||     2
       Paralysed         |       |       |       |     1 |     5 |    14 |       ||    20
       Distracted        |       |       |       |       |     1 |     4 |       ||     5
       Confused          |       |       |       |       |     1 |       |       ||     1
Armor: Leather armour    |    30 |     7 |       |       |       |       |       ||    37
       Chain mail        |       |    81 |    48 |       |   408 |   625 |   219 ||  1381
       Crystal plate arm |       |       |   122 |   586 |   133 |       |       ||   841
Dodge: Dodged            |    60 |    48 |    47 |   206 |   411 |   460 |   143 ||  1375
       Repelled          |       |       |       |       |     5 |    46 |     6 ||    57
Block: Other             |       |     2 |    24 |   140 |   419 |   517 |    19 ||  1121
       Kite shield       |       |       |       |       |       |   230 |   464 ||   694
       Reflection        |       |       |       |       |       |     1 |    31 ||    32

Table legend: (Time is in decaauts)
 A = Elapsed time spent in this place.
 B = Non-inter-level travel time spent in this place.
 C = Inter-level travel time spent in this place.
 D = Time resting spent in this place.
 E = Time spent auto-exploring this place.
 F = Levels seen in this place.
 G = Mean time per level.
                   A        B        C        D        E       F      G
               +--------+--------+--------+--------+--------+-----+--------+
         Total |  35538 |  34076 |   1462 |   2317 |  14792 |  35 | 1015.4 |
       Dungeon |  15278 |  14695 |    583 |   1242 |   7117 |  15 | 1018.5 |
          Lair |   4447 |   3926 |    521 |      4 |   2397 |   5 |  889.4 |
         Swamp |   3290 |   3219 |     71 |    146 |   1457 |   4 |  822.5 |
     Snake Pit |   5182 |   4994 |    188 |    451 |   1308 |   4 | 1295.5 |
  Orcish Mines |   2185 |   2185 |      0 |    218 |    490 |   2 | 1092.5 |
        Vaults |   3743 |   3647 |     96 |    177 |   1764 |   3 | 1247.7 |
       Volcano |    466 |    466 |      0 |     12 |    176 |   1 |  466.0 |
    Desolation |    944 |    944 |      0 |     67 |     83 |   1 |  944.0 |
               +--------+--------+--------+--------+--------+-----+--------+

Top non-repeatable levels by time:
Vaults:2: 1722 daAuts
Vaults:1: 1594 daAuts
 Snake:3: 1489 daAuts
 Snake:4: 1465 daAuts
   Orc:2: 1418 daAuts
    D:12: 1364 daAuts
     D:2: 1323 daAuts
  Lair:1: 1301 daAuts
    D:11: 1269 daAuts
    D:14: 1231 daAuts
     D:5: 1184 daAuts
 Snake:2: 1181 daAuts
 Swamp:4: 1157 daAuts
  Lair:4: 1112 daAuts
     D:3: 1078 daAuts
